 Dungeon Crawl Stone Soup version 0.28.0-45-g0d030f2227 (webtiles) character file.

Game seed: 887590881731959282

11 Peloso the Covered (level 2, 27/27 HPs)
             Began as a Minotaur Fighter on Apr 4, 2022.
             Got out of the dungeon alive.
             The game lasted 00:00:30 (599 turns).

Peloso the Covered (Minotaur Fighter)                Turns: 599, Time: 00:00:30

Health: 27/27      AC:  8    Str: 20    XL:     2   Next: 13%
Magic:  1/1        EV:  9    Int:  5    God:
Gold:   15         SH:  4    Dex:  9    Spells: 1/1 levels left

rFire   . . .      SeeInvis .   a - +0 long sword
rCold   . . .      Faith    .   c - +0 buckler
rNeg    . . .      Spirit   .   b - +0 scale mail
rPois   .          Reflect  .   (helmet restricted)
rElec   .          Harm     .   e - +0 cloak
rCorr   .          Rampage  .   (no gloves)
Will    .....                   (no boots)
Stlth   ..........              (no amulet)
HPRegen 0.09/turn               (no ring)
MPRegen 0.07/turn               (no ring)

@: no status effects
A: horns 2, retaliatory headbutt
a: no special abilities


You escaped.
You visited 1 branch of the dungeon, and saw 1 of its levels.

You collected 15 gold pieces.

Inventory:

Hand Weapons
 a - a +0 long sword (weapon)
Armour
 b - a +0 scale mail (worn)
 c - a +0 buckler (worn)
 e - a +0 cloak (worn)
Potions
 d - a potion of might


   Skills:
 + Level 3.9 Fighting
 + Level 2.6 Long Blades
 + Level 3.9 Armour
 + Level 3.8 Shields


You had one spell level left.
You didn't know any spells.
Your spell library contained the following spells:

 Spells                   Type           Power      Damage    Failure   Level
 Conjure Ball Lightning   Conj/Air       0%         3x3d6     100%        6
 Discord                  Hex            0%         N/A       100%        8
 Disjunction              Tloc           0%         N/A       100%        8


Dungeon Overview and Level Annotations

Branches:
Dungeon (1/15)

Altars:

Shops:
D:1 :


Innate Abilities, Weirdness & Mutations

You have a pair of horns on your head.
You reflexively headbutt those who attack you in melee.


Message History

Found a stone staircase leading down.
A ball python comes into view.
The ball python hisses angrily.
A ball python is nearby!
A ball python is nearby!
You slash the ball python!
You kill the ball python!
You have reached level 2!
Found a leather armour.
Found Liopunt's Book Boutique.
There is an entrance to Liopunt's Book Boutique here.
Found 17 arrows.
A ball python comes into view.
Found a stone staircase leading down.
The ball python hisses angrily.
A ball python is nearby!
A ball python is nearby!
A ball python is nearby!
A giant cockroach comes into view.
You block the ball python's attack. x2; The ball python completely misses you.
The ball python closely misses you.
You slash the ball python!
You kill the ball python!
You see here a ball python corpse.
The giant cockroach bites you but does no damage. x2
You closely miss the giant cockroach. You headbutt the giant cockroach.
The giant cockroach is almost dead.
The giant cockroach bites you but does no damage.
You hit the giant cockroach.
You kill the giant cockroach!
There is a stone staircase leading down here.
(D) Dungeon
Where to? (? - help)
What level of the Dungeon? (default 1, ? - help)
You see here a +0 leather armour.
You enter the shallow water.
Moving in this stuff is going to be slow.
There is a staircase leading out of the dungeon here.
Are you sure you want to leave the Dungeon?
This will make you lose the game!
You have escaped!

################
#§§§≈≈§≈≈≈≈≈≈≈≈≈
#§≈§§≈...§.≈≈≈≈§
#§§§...≈≈≈.§..≈§
#≈...≈≈≈.≈≈≈...≈
#≈..≈≈..@.≈≈≈...
#§...≈≈≈.≈≈≈...§
#≈§....≈≈≈....§≈
#≈≈≈≈≈.....§≈≈≈≈
#§≈§§≈≈≈.≈≈≈≈≈≈≈
########.########
#..............
#.###.#.######
#.###.#.#######


There were no monsters in sight!

Vanquished Creatures
  2 ball pythons (D:1)
  An endoplasm (D:1)
  A giant cockroach (D:1)
  2 goblins (D:1)
  A hobgoblin (D:1)
  2 kobolds (D:1)
9 creatures vanquished.

Notes
Turn   | Place    | Note
-------+----------+-------------------------------------------
     0 | D:1      | Peloso the Minotaur Fighter began the quest for the Orb.
     0 | D:1      | Reached XP level 1. HP: 19/19 MP: 0/0
   412 | D:1      | Reached XP level 2. HP: 27/27 MP: 1/1
   444 | D:1      | Found Liopunt's Book Boutique.
   599 | D:$      | Got out of the dungeon alive.

Illustrated notes

Levels and vault maps discovered:
D:1:      dpeg_arrival_shrine, layout_basic, serial_shops, shop

Action                   || total
-------------------------++-------
Melee: Long sword        ||    11
       Headbutt          ||     2
Armor: Scale mail        ||     5
Dodge: Dodged            ||     4
Block: Buckler           ||     4
